 Dungeon Crawl Stone Soup version 0.30-a0-23-ge60ba3568b (webtiles) character file.

Game seed: 5514891180904766464

275 xian the Grave Robber (level 6, -8/48 HPs)
             Began as a Draconian Wanderer on Aug 26, 2022.
             Was a Believer of Qazlal.
             Killed by divine providence
             ... invoked by an orc priest
              (17 damage)
             ... on level 4 of the Dungeon.
             The game lasted 00:11:15 (3497 turns).

xian the Grave Robber (Draconian Wanderer)          Turns: 3497, Time: 00:11:16

Health: -8/48      AC:  9    Str: 12    XL:     6   Next: 3%
Magic:  9/12       EV: 16    Int: 14    God:    Qazlal [**....]
Gold:   170        SH:  2    Dex: 13    Spells: 7/13 levels left

rFire   . . .      SeeInvis .    a - +0 short sword
rCold   . . .      Faith    .    (no shield)
rNeg    . . .      Spirit   .    (body armour unavailable)
rPois   .          Reflect  .    o - +2 hat
rElec   .          Harm     .    b - +0 cloak
rCorr   .          Rampage  .    (no gloves)
Will    .....                    (no boots)
Stlth   +.........               (no amulet)
HPRegen 0.16/turn                g - ring of wizardry
MPRegen 0.13/turn                t - +4 ring of evasion

@: no status effects
A: AC +6, unfitting armour, cold-blooded
a: Renounce Religion, Upheaval


You were on level 4 of the Dungeon.
You worshipped Qazlal.
Qazlal was pleased with you.
You visited 1 branch of the dungeon, and saw 4 of its levels.

You collected 170 gold pieces.

Inventory:

Hand Weapons
 a - a +0 short sword (weapon)
Missiles
 d - 9 poisoned darts
 v - a throwing net
Armour
 b - a +0 cloak (worn)
 o - a +2 hat (worn)
Jewellery
 e - a ring of wizardry
 g - a ring of wizardry (left hand)
 s - a ring of resist corrosion
 t - a +4 ring of evasion (right hand)
Scrolls
 c - a scroll of fear
 f - 3 scrolls of poison {unknown}
 j - a scroll of amnesia {unknown}
 m - a scroll of brand weapon {unknown}
 n - a scroll of magic mapping {unknown}
 q - a scroll of immolation {unknown}
 r - a scroll of vulnerability {unknown}
 u - 3 scrolls of teleportation {unknown}
 w - a scroll of identify {unknown}
Potions
 h - a potion of curing {unknown}
 i - 2 potions of attraction {unknown}
 k - 4 potions of berserk rage {unknown}
 l - a potion of mutation {unknown}
 p - a potion of magic {unknown}


   Skills:
 + Level 1.9 Fighting
 + Level 1.2 Short Blades
 + Level 2.0 Dodging
 + Level 1.1 Stealth
 + Level 0.2 Shields
 + Level 4.4 Spellcasting
 * Level 1.3 Summonings
 + Level 4.5 Necromancy


You had 7 spell levels left.
You knew the following spells:

 Your Spells              Type           Power      Damage    Failure   Level
a - Necrotise             Necr           60%        1d7       1%          1
b - Summon Small Mammal   Summ           24%        N/A       4%          1
c - Animate Dead          Necr           15%        N/A       12%         4

Your spell library contained the following spells:

 Spells                   Type           Power      Damage    Failure   Level
 Apportation              Tloc           6%         N/A       8%          1
 Dispel Undead            Necr           15%        3d10      12%         4
 Anguish                  Hex/Necr       4%         N/A       28%         4
 Corpse Rot               Necr/Pois/Air  7%         N/A       36%         4
 Death Channel            Necr           7%         N/A       85%         6


Dungeon Overview and Level Annotations

Branches:
Dungeon (4/15)
 Temple: D:4-7

Altars:
Qazlal


Innate Abilities, Weirdness & Mutations

Your plain brown scales are hard. (AC +6)
You cannot fit into any form of body armour.
You are cold-blooded and may be slowed by cold attacks.


Message History

The adder bites you but does no damage.
The adder barely resists.
You feel sick. The adder closely misses you. You block the adder's attack.
The adder writhes in agony.
You feel sick. You block the adder's attack.
The adder barely resists.
You feel sick.
You are no longer poisoned.
The adder bites you.
The adder writhes in agony.
You kill the adder!
Qazlal accepts your kill.
The dead are slithering!
The orc priest calls down the wrath of Beogh upon you.
Pain shoots through your body!
You swap places.
The orc priest calls down the wrath of Beogh upon you.
Beogh smites you!
* * * LOW HITPOINT WARNING * * *
The orc priest hits your adder skeleton with a +0 dagger of protection.
Your adder skeleton bites the orc priest but does no damage.
Casting: Necrotise (safe; 1% risk of failure)
Confirm with . or Enter, or press ? or * to list all spells.
You don't know that spell.
The orc priest looks braver for a moment.
Your adder skeleton closely misses the orc priest.
Casting: Necrotise (safe; 1% risk of failure)
Confirm with . or Enter, or press ? or * to list all spells.
Your adder skeleton bites the orc priest.
The orc priest begins to cast a cantrip, but forgets the words!
You swap places.
Your adder skeleton closely misses the orc priest.
The orc priest hits your adder skeleton with a +0 dagger of protection.
Your adder skeleton bites the orc priest but does no damage.
Your bat hits the orc priest but does no damage.
The orc priest hits your adder skeleton with a +0 dagger of protection.
Your adder skeleton closely misses the orc priest.
Your adder skeleton crumbles into dust!
Your bat closely misses the orc priest.
The orc priest calls down the wrath of Beogh upon you.
Beogh smites you!
You die...

####..<....o#
..........#o#
<###o.....#o#
.####o#####Z#
#...#)# #.#
### #....# #.#
#<#
#..o######Z#
##.# #o.##
#....# #..#
.o.## #o##.#
##@○# o###
#.Z### #...# o
##..####..##
#.b.##...#
##....#o.##
#........#
#..#..).b##
....###.....##
####. ##.....#


You could see an orc priest (ally target) and a friendly bat (summoned).

Vanquished Creatures
  2 scorpions
  A hound (D:3)
  3 gnolls
  3 adders
  An ufetubus (D:3)
  2 worms
  3 dart slugs
  An orc (D:3)
  2 endoplasms
  7 goblins
  4 hobgoblins
  2 jackals (D:3)
  3 quokkas
  5 ball pythons
  4 bats
  A frilled lizard (D:2)
  3 kobolds
  A rat (D:2)
48 creatures vanquished.

Vanquished Creatures (collateral kills)
  A bat (D:2)
  A hobgoblin (D:3)
  A jackal (D:3)
  A frilled lizard (D:1)
  2 kobolds
6 creatures vanquished.

Grand Total: 54 creatures vanquished

Notes
Turn   | Place    | Note
-------+----------+-------------------------------------------
     0 | D:1      | xian the Draconian Wanderer began the quest for the Orb.
     0 | D:1      | xian set off with the following items: a +0 short sword, a
                  | +0 cloak, a scroll of fear; and the following spell
                  | memorised: Necrotise; and the following spells available to
                  | memorise: Animate Dead, Anguish.
     0 | D:1      | Reached XP level 1. HP: 16/16 MP: 4/4
   349 | D:1      | Found a faded altar of an unknown god.
   356 | D:1      | Prayed at the altar of an unknown god.
   356 | D:1      | Became a worshipper of Qazlal Stormbringer
   356 | D:1      | Reached * piety under Qazlal
   484 | D:1      | Reached XP level 2. HP: 23/23 MP: 1/6
  1500 | D:2      | Reached XP level 3. HP: 23/28 MP: 3/7
  1875 | D:2      | Learned a level 1 spell: Summon Small Mammal
  1915 | D:2      | Reached XP level 4. HP: 35/35 MP: 3/9
  2225 | D:3      | Reached ** piety under Qazlal
  2404 | D:3      | Learned a level 4 spell: Animate Dead
  2464 | D:3      | Noticed a scorpion
  2492 | D:3      | Killed a scorpion
  2493 | D:3      | Reached XP level 5. HP: 19/40 MP: 1/11
  2954 | D:3      | Reached skill level 1 in Summonings
  3464 | D:4      | Reached XP level 6. HP: 46/48 MP: 12/12
  3497 | D:4      | Killed from afar by an orc priest

Illustrated notes

Levels and vault maps discovered:
D:1:      denvon_arrival_waterhouse, layout_basic,
          shapermc_ecumenical_altar_notcrosses, minivault_26
D:2:      layout_loops_ring, minmay_misc_feat_more_columns,
          corexii_hall_statues_u
D:3:      layout_loops_ring, minmay_misc_feat_iff,
          nicolae_kite_square_tiling_tiny
D:4:      layout_rooms, slow_altar_2, minmay_temple_entry_glassed_door,
          serial_shops, shop, minmay_crossroads

Skill      XL: |  1  2  3  4  5 |
---------------+----------------+-----
Necromancy     | 4 |  4.5
Spellcasting   | 4 |  4.4
Summonings     | 1 |  1.3
Dodging        | 2 |  2.0
Fighting       | |  1.9
Short Blades   | |  1.2
Stealth        | |  1.1
Shields        | |  0.2

Action                   |  1- 3 |  4- 6 || total
-------------------------+-------+-------++-------
Melee: Short sword       |    39 |    50 ||    89
       Tailslap          |     4 |     8 ||    12
       Punch             |       |     1 ||     1
Throw: Dart              |     1 |       ||     1
 Cast: Necrotise         |    49 |    53 ||   102
       Summon Small Mamm |     1 |    11 ||    12
Invok: Upheaval          |       |     1 ||     1
Armor: Skin              |    25 |    45 ||    70
Dodge: Dodged            |    36 |    84 ||   120
Block: Other             |     1 |    20 ||    21

Table legend: (Time is in decaauts)
 A = Elapsed time spent in this place.
 B = Non-inter-level travel time spent in this place.
 C = Inter-level travel time spent in this place.
 D = Time resting spent in this place.
 E = Time spent auto-exploring this place.
 F = Levels seen in this place.
 G = Mean time per level.
                   A        B        C        D        E       F      G
               +--------+--------+--------+--------+--------+-----+--------+
         Total |   3501 |   3370 |    131 |    434 |   2002 |   4 |  875.2 |
       Dungeon |   3501 |   3370 |    131 |    434 |   2002 |   4 |  875.2 |
               +--------+--------+--------+--------+--------+-----+--------+

Top non-repeatable levels by time:
     D:3: 1229 daAuts
     D:1: 1123 daAuts
     D:2: 1009 daAuts
     D:4: 138 daAuts
